 Dungeon Crawl Stone Soup version 0.30-a0-956-gcec3b41aec (webtiles) character file.

Game seed: 1254067646234102803

3166 sanka the Skirmisher (level 9, -2/118 HPs)
             Began as a Demigod Hunter on Mar 29, 2023.
             Slain by a killer bee (3 damage)
             ... on level 8 of the Dungeon.
             The game lasted 00:15:51 (9493 turns).

sanka the Skirmisher (Demigod Hunter)               Turns: 9493, Time: 00:15:52

Health: -2/118     AC: 24    Str: 12    XL:     9   Next: 36%
Magic:  11/11      EV:  2    Int: 11    God:
Gold:   2          SH:  0    Dex: 29    Spells: 8/8 levels left

rFire   . . .      SeeInvis .    a - +0 shortbow
rCold   + . .      Faith    .    (shield currently unavailable)
rNeg    . . .      Spirit   .    E - melded +0 robe
rPois   +          Reflect  .    q - melded +0 mask of the Dragon {Will+ Slay+3 SInv}
rElec   .          Rampage  .    (cloak currently unavailable)
rCorr   .          NoTele   +    (gloves currently unavailable)
Will    .....                    (boots currently unavailable)
Stlth   ++                       (no amulet)
HPRegen 0.39/turn                (no ring)
MPRegen 0.12/turn                c - ring of protection from cold

@: mighty, brilliant, lethally poisoned (-2 -> -6), tree-form
A: stationary, stasis, torment immunity, boosted hp, high MP 1, forlorn, divine
attributes, (talons 1)
a: no special abilities


You were on level 8 of the Dungeon.
You were a tree.
You visited 1 branch of the dungeon, and saw 8 of its levels.

You collected 358 gold pieces.
You spent 356 gold pieces at shops.


Innate Abilities, Weirdness & Mutations

You are a tree.
Your roots penetrate the ground, keeping you stationary.
You cannot be teleported.
You are immune to unholy pain and torment.
Your maximum health is greatly increased.
Your equipment is partially melded.
You have an increased reservoir of magic. (+10% MP)
You shall have no god before yourself.
Your divine heritage dramatically boosts your attributes as you level up.
((You have sharp toenails.))


   Skills:
 - Level 7.0 Fighting
 - Level 10.0 Ranged Weapons
 + Level 5.1 Dodging
 - Level 0.8 Stealth


You had 8 spell levels left.
You didn't know any spells.
Your spell library was empty.

Inventory:

Hand Weapons
 a - a +0 shortbow (weapon)
 w - a +0 dagger of distortion
Missiles
 s - a throwing net {=f}
 u - 3 curare-tipped darts {=f}
Armour
 q - the +0 mask of the Dragon (melded) {Will+ Slay+3 SInv}

   Slay:      It affects your accuracy & damage with ranged weapons and melee
   (+3).
   SInv:      It lets you see invisible.
   Will:      It increases your willpower.
 E - a +0 robe (melded)
Magical Staves
 e - a staff of fire
 l - a staff of conjuration {!a}
Jewellery
 c - a ring of protection from cold (right branch)
 d - a ring of ice
Scrolls
 b - a scroll of immolation {!r}
 g - 3 scrolls of teleportation {@r4}
 h - 2 scrolls of blinking
 j - a scroll of poison {!r}
 k - 3 scrolls of vulnerability {!r}
 m - 2 scrolls of identify {@r1}
 o - a scroll of magic mapping
 y - a scroll of silence {!r}
 C - a scroll of fog {unknown}
 D - 2 scrolls of enchant weapon {unknown}
Potions
 i - 2 potions of might
 n - 3 potions of lignification {!q}
 p - a potion of attraction {unknown}
 r - a potion of cancellation {unknown}
 t - a potion of resistance {unknown}
 x - a potion of magic {unknown}
 z - a potion of ambrosia {unknown}
 B - a potion of heal wounds {unknown}

Dungeon Overview and Level Annotations

Branches:
Dungeon (8/15)             Temple (0/1) D:6
   Lair: D:8-11

Shops:
D:1 [(=:   D:2 (?   D:4 (((

Annotations:
D:7 exclusions: 4 doors and 1 more exclusion

▒.▒ ▒▒. ▒.▒ ▒ ▒.▒
▒▒▒▒▒▒▒▒.▒▒▒▒
............▒
▒▒▒▒▒▒▒.▒▒▒.▒ ▒..
▒.▒ ▒.▒ ... ▒)▒
▒.▒.▒ ▒.. ▒.▒
▒♣▒.▒ ▒?▒ ▒.▒
▒y▒.▒ ▒.▒ ▒.▒
▒.▒.▒ ▒▒y▒▒ ▒.▒
▒.▒.▒ ▒...▒▒▒▒▒▒
▒.▒ ▒.▒.▒
▒.........
▒.▒.▒▒▒▒...▒▒.▒▒▒
▒....).....▒▒.
▒▒▒.▒▒▒.........
▒.▒ ▒....▒▒.▒▒


You could see a killer bee.


Message History

You feel very sick. The killer bee stings you.
* * * LOW HITPOINT WARNING * * *
The killer bee stings you.
* * * LOW HITPOINT WARNING * * *
Unknown command.
Unknown command.
Unknown command.
It was a potion of might.
You feel very mighty all of a sudden.
* * * LOW HITPOINT WARNING * * *
You feel sick.
The killer bee stings you but does no damage.
The killer bee stings you but does no damage.
Unknown command.
It was a potion of brilliance.
You feel clever all of a sudden.
* * * LOW HITPOINT WARNING * * *
You feel sick. The killer bee stings you.
* * * LOW HITPOINT WARNING * * *
The killer bee stings you but does no damage.
Unknown command.
It was a potion of mutation.
You feel extremely strange.
Your toenails lengthen and sharpen.
* * * LOW HITPOINT WARNING * * *
You feel sick. The killer bee stings you.
You die...

Action                     |  1- 3 |  4- 6 |  7- 9 || total
---------------------------+-------+-------+-------++-------
  Melee: Shortbow          |       |       |     8 ||     8
   Fire: Shortbow          |   110 |   194 |   352 ||   656
  Evoke: Wand              |       |     4 |     3 ||     7
    Use: Scroll            |       |     4 |     5 ||     9
         Potion            |       |       |     8 ||     8
 Armour: Leather armour    |     7 |    14 |    15 ||    36
         Robe              |       |       |    10 ||    10
         Skin              |       |       |     4 ||     4
  Dodge: Dodged            |    13 |    47 |   153 ||   213

Levels and vault maps discovered:
D:1:      denvon_arrival_planthouse, layout_rooms, serial_shops,
          nicolae_diamond_shop, nicolae_shop_advertising_works
          [nicolae_subvault_shop_adworks], shop, shop,
          hellmonk_ecumenical_altar_arch_garden, minmay_rat_gold_closets
D:2:      layout_loops_ring, serial_shops, shop, shop
D:3:      layout_loops_cross, mainiacjoe_overflow_boulevard,
          amcnicky_mini_corridor_feature
D:4:      layout_loops_corners, serial_shops, shop, kennysheep_little_box,
          nicolae_shop_statue_plus
D:5:      layout_layer_cave
D:6:      layout_gridville, elyvilon_altar_3,
          minmay_temple_entry_drinking_statues
D:7:      layout_loops_corners, hellmonk_guarded_unrand_gyre_and_gimble
D:8:      layout_loops_ring, nemelex_spade_bored_becter, uniq_maurice

Notes
Turn   | Place    | Note
-------+----------+-------------------------------------------
     0 | D:1      | sanka the Demigod Hunter began the quest for the Orb.
     0 | D:1      | Reached XP level 1. HP: 17/17 MP: 3/3
    79 | D:1      | Found Tule's Armour Emporium.
    96 | D:1      | Reached skill level 2 in Fighting
   115 | D:1      | Found Kunag's Book Emporium.
   143 | D:1      | Found Loisov's Jewellery Shoppe.
   167 | D:1      | Found Kaotsiew's Weapon Emporium.
   203 | D:1      | Reached skill level 4 in Ranged Weapons
   203 | D:1      | Reached XP level 2. HP: 21/24 MP: 4/4
   546 | D:2      | Reached XP level 3. HP: 27/30 MP: 5/5
   683 | D:2      | Found Waelutuh's Antique Weapon Boutique.
   780 | D:2      | Found Onittih's Magic Scroll Boutique.
  1254 | D:3      | Reached XP level 4. HP: 37/37 MP: 6/6
  1492 | D:3      | Reached skill level 3 in Fighting
  1492 | D:3      | Reached skill level 5 in Ranged Weapons
  2084 | D:2      | Bought a scroll of identify for 22 gold pieces
  2548 | D:4      | Reached XP level 5. HP: 30/45 MP: 7/7
  2633 | D:4      | Identified the +0 leather armour of Dishonesty {rElec rF-
                  | Dex+2}
  2743 | D:4      | Found Gomul Visu's Weapon Shop.
  3029 | D:4      | Found Lainidor's Weapon Emporium.
  3046 | D:4      | Reached skill level 6 in Ranged Weapons
  3127 | D:5      | Entered Level 5 of the Dungeon
  3134 | D:5      | Reached XP level 6. HP: 11/52 MP: 8/8
  3311 | D:5      | HP: 5/52 [orc priest/+0 hand axe (5)]
  3488 | D:5      | Reached skill level 4 in Fighting
  3658 | D:4      | Found Cokkug's Weapon Boutique.
  4232 | D:5      | Reached XP level 7. HP: 60/60 MP: 9/9
  4244 | D:5      | Reached skill level 7 in Ranged Weapons
  5182 | D:6      | Reached skill level 5 in Fighting
  5419 | D:6      | Reached skill level 8 in Ranged Weapons
  5422 | D:6      | Found a staircase to the Ecumenical Temple.
  5588 | D:6      | Reached XP level 8. HP: 23/69 MP: 10/10
  6269 | D:7      | Reached skill level 9 in Ranged Weapons
  6570 | D:7      | Reached skill level 6 in Fighting
  6729 | D:7      | Noticed a two-headed ogre
  6729 | D:7      | Noticed a two-headed ogre
  7908 | D:8      | Reached skill level 10 in Ranged Weapons
  7908 | D:8      | Reached XP level 9. HP: 48/78 MP: 11/11
  8062 | D:8      | Reached skill level 2 in Dodging
  8400 | D:8      | Reached skill level 7 in Fighting
  8423 | D:8      | HP: 5/79 [orc/+0 trident (8)]
  8662 | D:8      | Noticed Maurice
  8699 | D:8      | Reached skill level 3 in Dodging
  9101 | D:7      | Killed Maurice
  9102 | D:7      | Reached skill level 5 in Dodging
  9300 | D:1      | Bought the +0 mask of the Dragon {Will+ Slay+3 SInv} for
                  | 334 gold pieces
  9300 | D:1      | Found the +0 mask of the Dragon {Will+ Slay+3 SInv}
  9490 | D:8      | HP: 10/118 [killer bee (3)]
  9492 | D:8      | HP: 2/118 [killer bee (3)]
  9493 | D:8      | Gained mutation: You have sharp toenails. [potion of
                  | mutation]
  9493 | D:8      | Slain by a killer bee

Vanquished Creatures
  Maurice (D:7)
  4 water moccasins
  2 orc warriors (D:8)
  2 black bears
  3 sky beasts
  A phantom (D:4)
  A centaur (D:6)
  2 bullfrogs
  2 scorpions
  4 wights (D:7)
  A killer bee (D:8)
  2 howler monkeys
  3 hounds
  2 jellies
  11 orc priests
  7 orc wizards
  3 sleepcaps
  2 iguanas
  4 gnolls (D:7)
  7 adders
  2 white imps
  An ufetubus (D:5)
  4 worms
  A dart slug (D:2)
  45 orcs
  5 bats
  6 endoplasms
  A giant cockroach (D:4)
  4 goblins
  13 hobgoblins
  3 quokkas
  4 ball pythons
  4 frilled lizards
  7 kobolds
  10 rats
174 creatures vanquished.

Vanquished Creatures (others)
  A plant (D:1)
1 creature vanquished.

Grand Total: 175 creatures vanquished
